 Dungeon Crawl Stone Soup version 0.23.2-1-ga50397a (webtiles) character file.

Game seed: 12337011157078944433

384 wilfster70 the Sneak (level 6, -4/44 HPs)
             Began as an Octopode Wanderer on May 17, 2019.
             Was a Believer of Dithmenos.
             Slain by an ogre
             ... wielding a +0 giant club
              (11 damage)
             ... on level 4 of the Dungeon.
             The game lasted 00:13:31 (4462 turns).

wilfster70 the Sneak (Octopode Wanderer)            Turns: 4462, Time: 00:13:33

Health: -4/44      AC:  1    Str: 10    XL:     6   Next: 77%
Magic:  8/8        EV: 14    Int: 17    God:    Dithmenos [**....]
Gold:   131        SH:  0    Dex: 12    Spells: 5/5 levels left

rFire    . . .     SeeInvis .   a - +0 quarterstaff
rCold    + . .     Gourm    .   (shield currently unavailable)
rNeg     . . .     Faith    .   (helmet restricted)
rPois    .         Spirit   .   (no amulet)
rElec    .         Reflect  .   g - ring of protection from cold
rCorr    .         Harm     .   (no ring)
MR       .....                  (no ring)
Stlth    ++++++....             (no ring)
HPRegen  0.14/turn              (no ring)
MPRegen  0.11/turn              (no ring)
                                (no ring)
                                (no ring)

@: wreathed by umbra
A: almost no armour, stealthy swim, amphibious, 8 rings, constrict 8, camouflage
1, gelatinous body 1
a: Shadow Step, Renounce Religion


You were on level 4 of the Dungeon.
You worshipped Dithmenos.
Dithmenos was pleased with you.
You were hungry.

You visited 1 branch of the dungeon, and saw 4 of its levels.

You collected 131 gold pieces.

Inventory:

Hand Weapons
 a - a +0 quarterstaff (weapon)
Missiles
 b - 2 throwing nets
 h - 194 stones (quivered)
 l - 18 poisoned needles
Jewellery
 g - a ring of protection from cold (left tentacle)
Wands
 s - a wand of acid (3)
Scrolls
 f - 2 scrolls of enchant armour {unknown}
 i - a scroll of fog
 k - a scroll of identify
 m - 2 scrolls of amnesia
 o - 4 scrolls of remove curse
 p - a scroll of teleportation {unknown}
 r - a scroll of enchant weapon {unknown}
 t - a scroll of magic mapping {unknown}
Potions
 c - 3 potions of lignification
 e - a potion of resistance
 j - a potion of might
 q - a potion of curing
Comestibles
 d - 5 rations
 n - a chunk of flesh


   Skills:
 + Level 4.5 Fighting
   Level 1.0 Long Blades
 - Level 1.0 Staves
 + Level 3.9 Dodging
 + Level 5.1 Stealth
   Level 1.0 Shields
 + Level 2.8 Invocations
 - Level 1.1 Evocations


You had 5 spell levels left.
You didn't know any spells.
Your spell library was empty.

Dungeon Overview and Level Annotations

Branches:
Dungeon (4/15)
 Temple: D:4-7

Altars:
Dithmenos
Elyvilon
Hepliaklqana
Nemelex Xobeh
Xom
Yredelemnul


Innate Abilities, Weirdness & Mutations

You cannot wear most types of armour.
You are very stealthy in the water. (Stealth+)
You are amphibious.
You can wear up to eight rings at the same time.
You can use your tentacles to constrict eight enemies at once.
Your skin changes colour to match your surroundings (Stealth+).
Your rubbery body absorbs attacks. (AC +1, EV +1)


Message History

Found 17 arrows.
Found a stone staircase leading up.
The ogre shouts!
You hit the ogre.
The ogre is lightly wounded.
The ogre barely misses you.
You barely miss the ogre.
The ogre is lightly wounded.
The ogre hits you with a +0 giant club!
You thump the ogre!
The ogre is moderately wounded.
The ogre hits you with a +0 giant club!!
Ouch! That really hurt!
* * * LOW HITPOINT WARNING * * *
There is a stone staircase leading up, spattered with blood here.
You are feeling hungry.
The ogre hits you with a +0 giant club.
* * * LOW HITPOINT WARNING * * *
Found 18 arrows.
The ogre hits you with a +0 giant club!
You die...

#.#. ≈≈≈≈≈..# ####
≈≈≈≈≈.# # ≈≈≈≈≈.#
######≈≈≈≈.#
....#≈≈≈≈≈.#
......≈≈.≈.#
.....≈≈≈≈≈(#
.....≈≈@≈..# ##########
.#....≈≈O..####.........
##...≈≈≈≈..##..........
###≈≈≈≈≈≈.#...........
#≈≈≈.≈≈.............
#≈≈≈≈≈..............
#.≈≈≈≈≈.............
#.≈.≈≈#######.......
#.≈≈≈≈≈ ##......


You could see an ogre.

Vanquished Creatures
  An ogre (D:4)
  An orc priest (D:3)
  3 orc wizards
  Robin (D:3)
  A gnoll (D:2)
  4 adders
  2 worms
  2 leopard geckos
  6 orcs
  12 bats
  7 giant cockroaches
  24 goblins
  13 hobgoblins
  5 jackals (D:4)
  2 quokkas (D:3)
  A ball python (D:3)
  4 frilled lizards
  6 kobolds
  27 rats
  A bush (D:1)
123 creatures vanquished.

Notes
Turn   | Place    | Note
-------+----------+-------------------------------------------
     0 | D:1      | wilfster70 the Octopode Wanderer began the quest for the
                  | Orb.
     0 | D:1      | wilfster70 set off with the following items: a +0
                  | quarterstaff, 2 throwing nets, a potion of lignification, a
                  | ration
     0 | D:1      | Reached XP level 1. HP: 16/16 MP: 1/1
   181 | D:1      | Reached skill level 2 in Stealth
   181 | D:1      | Reached XP level 2. HP: 21/21 MP: 2/2
   704 | D:1      | Reached XP level 3. HP: 18/26 MP: 3/3
  1065 | D:2      | Found a shadowy altar of Dithmenos.
  1087 | D:2      | Reached skill level 3 in Stealth
  1346 | D:2      | Became a worshipper of Dithmenos the Shadowed
  1639 | D:2      | Found a hazy altar of Hepliaklqana.
  1798 | D:2      | Reached XP level 4. HP: 31/32 MP: 4/4
  2008 | D:2      | Found a shimmering altar of Xom.
  2326 | D:2      | Reached skill level 1 in Invocations
  2551 | D:3      | Reached * piety under Dithmenos
  2551 | D:3      | Reached XP level 5. HP: 24/37 MP: 4/6
  2684 | D:3      | Reached skill level 4 in Stealth
  2867 | D:3      | Noticed Robin
  2979 | D:3      | Killed Robin
  3206 | D:3      | Found a basalt altar of Yredelemnul.
  3260 | D:3      | Found a white marble altar of Elyvilon.
  3429 | D:3      | Reached ** piety under Dithmenos
  3598 | D:3      | Reached XP level 6. HP: 30/43 MP: 7/7
  3738 | D:4      | Found a sparkling altar of Nemelex Xobeh.
  4342 | D:4      | Reached skill level 5 in Stealth
  4462 | D:4      | Slain by an ogre

Skill      XL: |  1  2  3  4  5  6 |
---------------+-------------------+-----
Stealth        | 2 3 4 5 |  5.1
Dodging        | 3 |  3.9
Invocations    | 1 2 |  2.8
Fighting       | 4 |  4.5
Long Blades    | |  1.0
Staves         | |  1.0
Shields        | |  1.0
Evocations     | |  1.1

Action                   |  1- 3 |  4- 6 || total
-------------------------+-------+-------++-------
Melee: Quarterstaff      |   125 |   156 ||   281
       Tentacles         |    20 |    18 ||    38
       Constrict         |    17 |    45 ||    62
Throw: Stone             |       |     4 ||     4
Evoke: Wand              |       |     1 ||     1
  Use: Scroll            |       |     5 ||     5
       Potion            |       |     1 ||     1
 Stab: Sleeping          |    10 |    13 ||    23
  Eat: Chunk             |     3 |     8 ||    11
Armor: Skin              |     6 |     8 ||    14
Dodge: Dodged            |    55 |   111 ||   166
